 Dungeon Sprint DCSS version 0.31-a0-986-g5e6e4ef867 (webtiles) character file.

Game seed: 9665267375498730500

1141 rocky1 the Martial Artist (level 8, -2/56 HPs)
             Began as a Djinni Shapeshifter on Nov 13, 2023.
             Was an Initiate of Gozag.
             Slain by a human
             ... wielding a +0 whip
              (5 damage)
             ... in the Dungeon (Sprint III: "The Ten Rune Challenge").
             The game lasted 00:02:42 (1197 turns).

rocky1 the Martial Artist (Djinni Shapeshifter)     Turns: 1197, Time: 00:02:43

Health: -2/56      AC:  2    Str: 13    XL:     8   Next: 64%
Gold:   395        EV: 15    Int: 11    God:    Gozag SH:  0 Dex: 16

rFire   + +          .
                       - Unarmed
rCold   x . .        (shield currently unavailable)
rNeg    . . .        a - +0 animal skin
rPois   ∞            (no helmet)
rElec   .            (no cloak)
rCorr   .            (no gloves)
SInv    .            (boots unavailable)
Will    +....        (no amulet)
Stlth   +            (no ring)
HPRegen 0.29/turn    (no ring)
MPRegen 0.00/turn

%: no teleportation, infuse magic (-3 HP)
@: flux-form, gold aura, flying, glowing
A: glow, contaminating, flying, sickness immunity, fire resistance 2, cold
vulnerability 1, float, innate caster, HP casting, extra vitality 1,
strong-willed 1, sense surroundings 1
a: Begin Untransformation, Renounce Religion, Potion Petition, Call Merchant,
Bribe Branch


You were in the Dungeon.
You worshipped Gozag.
Gozag was aware of your devotion.
You were something dangerously unstable.
You visited 1 branch You collected 395 gold pieces.

Inventory:

Armour
 a - a +0 animal skin (worn)
 j - a +0 pair of gloves
Talismans
 c - a beast talisman
 d - a flux talisman (active)
Wands
 p - a wand of charming (13)
Scrolls
 i - a scroll of blinking
 l - a scroll of poison {unknown}
 m - 4 scrolls of identify {unknown}
 o - a scroll of immolation {unknown}
Potions
 e - a potion of curing
 f - 2 potions of heal wounds
 g - 2 potions of haste
 h - a potion of berserk rage
 k - 5 potions of mutation
 n - 4 potions of enlightenment
Miscellaneous
 b - a box of beasts


   Skills:
 + Level 3.0 Fighting
 + Level 6.4 Dodging
 - Level 3.1 Stealth
 + Level 12.7 Unarmed Combat
 * Level 2.5 Spellcasting
 * Level 2.5 Conjurations
 * Level 2.5 Hexes
 * Level 2.5 Summonings
 * Level 2.5 Necromancy
 * Level 2.5 Translocations
 * Level 2.5 Transmutations
 * Level 2.5 Fire Magic
 * Level 2.5 Ice Magic
 * Level 2.5 Air Magic
 * Level 2.5 Earth Magic
 * Level 2.5 Poison Magic
 + Level 8.9 Shapeshifting


You knew the following spells:

 Your Spells              Type           Power      Damage    Failure   Level
a - Slow                  Hex            28%        N/A       10%         1
b - Searing Ray           Conj           14%        2d5       14%         2
c - Inner Flame           Hex/Fire       7%         N/A       28%         3
Your spell library was empty.

Dungeon Overview and Level Annotations

Branches:
Dungeon (1/1)

Altars:
Cheibriados
Dithmenos
Elyvilon
Fedhas
Gozag
Hepliaklqana
Makhleb
Nemelex Xobeh
Okawaru
Qazlal
Ru
Trog
Uskayaw
Wu Jian
Xom
Yredelemnul
Zin
The Shining One
Jiyva
Lugonu


Innate Abilities, Weirdness & Mutations

You are something dangerously unstable.
You glow with magical radiation, making you easy to see and hit.
Foes you strike become dangerously contaminated with magical radiation.
You are flying.
You are incapable of wielding weapons or throwing items.
You are immune to sickness and miasma.
You are immune to poison.
Your flesh is very heat resistant. (rF++)
You are vulnerable to cold. (rC-)
You float through the air rather than walking.
You learn spells naturally, not from books.
Your magical power is your life essence.
You have superior vitality. (+4 MHP)
You are strong-willed. (Will+)
You passively map a small area around you.


Message History

The human shudders as magic cascades through it!!
You kill the human!
The human barely misses you. x2
Your Fighting skill increases to level 3!
Unknown command.
You hit the human.
The human begins to glow.
The human is lightly wounded.
The human hits you with a +0 whip.
You closely miss the human.
The human is lightly wounded.
The human closely misses you.
You hit the human but do no damage.
The human glows dangerously bright.
The human is lightly wounded.
The human misses you.
You hit the human.
The human shudders as magic cascades through it.
The human twists and deforms.
The human is moderately wounded.
The human barely misses you.
You hit the human.
The human begins to glow.
The human is moderately wounded.
The human misses you. The human barely misses you.
You punch the human!
The human glows dangerously bright.
The human is heavily wounded.
The human hits you with a +0 whip!
You hit the human.
The human shudders as magic cascades through it!
The human twists and deforms.
The human is severely wounded.
The human hits you with a +0 whip!
* * * LOW HITPOINT WARNING * * *
You hit the human.
The human begins to glow.
The human is severely wounded.
The human hits you with a +0 whip!
* * * LOW HITPOINT WARNING * * *
You hit the human.
The human glows dangerously bright.
The human is almost dead.
The human hits you with a +0 whip.
You die...
Your body crumbles into a pile of gold.

▓ ▓▓▓ ####
##.############ *
...#####..#___#___#__#
,
....#..#..#...#__.#._#
#..)#..#..###'#p###)##
##..##'#..#....$p....#
##..###...'.⌠).......#
#..####...#...######'#,
#..###....#.⌠.#__#...#
...##.....#...#__#...#
...#......#)###__#...#
.##.#.....#):.#__#...+
* ,
.*####....#___#__'...#
▓ ▓▓▓▓▓▓▓▓▓▓▓▓▓▓▓▓▓ *


You could see a human (berserk, heavy contam, misshapen).

Vanquished Creatures
  A deep elf pyromancer (D)
  A shadow (D)
  A spatial vortex (D)
  A water elemental (D)
  A scorpion (D)
  A necrophage (D)
  A jelly (D)
  Jessica (D)
  An arcanist (D)
  A necromancer (D)
  A kobold demonologist (D)
  2 humans (D)
  3 rats (D)
16 creatures vanquished.

Notes
Turn   | Place    | Note
-------+----------+-------------------------------------------
     0 | D        | rocky1 the Djinni Shapeshifter began the quest for the Orb.
     0 | D        | Reached XP level 1. HP: 17/17 MP: 0/0
    33 | D        | Noticed Jessica
    40 | D        | Killed Jessica
    41 | D        | Reached skill level 4 in Unarmed Combat
    41 | D        | Reached XP level 2. HP: 17/22 MP: 0/0
    41 | D        | Reached XP level 3. HP: 22/27 MP: 0/0
    41 | D        | Learned a level 1 spell: Slow
   196 | D        | Reached skill level 5 in Unarmed Combat
   285 | D        | Noticed a scorpion
   301 | D        | Killed a scorpion
   302 | D        | Reached skill level 1 in Stealth
   302 | D        | Reached skill level 6 in Unarmed Combat
   302 | D        | Reached skill level 5 in Shapeshifting
   302 | D        | Reached XP level 4. HP: 17/32 MP: 0/0
   302 | D        | Reached XP level 5. HP: 20/37 MP: 0/0
   302 | D        | Learned a level 2 spell: Searing Ray
   484 | D        | Gained mutation: Your spells are a little harder to cast,
                  | but a little more powerful. [potion of mutation]
   484 | D        | Gained mutation: You have hidden genetic potential. [potion
                  | of mutation]
   484 | D        | Lost mutation: Your spells are a little harder to cast, but
                  | a little more powerful. [potion of mutation]
   488 | D        | Noticed a water elemental
   493 | D        | Killed a water elemental
   494 | D        | Reached skill level 7 in Unarmed Combat
   684 | D        | Reached skill level 8 in Unarmed Combat
   684 | D        | Reached XP level 6. HP: 16/42 MP: 0/0
   771 | D        | Noticed a shadow
   774 | D        | Killed a shadow
   775 | D        | Reached skill level 5 in Dodging
   775 | D        | Reached skill level 9 in Unarmed Combat
   779 | D        | Gained mutation: You are strong-willed. (Will+) [hidden
                  | potential]
   785 | D        | Found a blossoming altar of Fedhas.
   785 | D        | Found a stormy altar of Qazlal.
   785 | D        | Found a snail-covered altar of Cheibriados.
   785 | D        | Found a burning altar of Makhleb.
   785 | D        | Found a shimmering altar of Xom.
   786 | D        | Found a hazy altar of Hepliaklqana.
   786 | D        | Found an opulent altar of Gozag.
   786 | D        | Found a sparkling altar of Nemelex Xobeh.
   786 | D        | Found a corrupted altar of Lugonu.
   786 | D        | Found a viscous altar of Jiyva.
   786 | D        | Noticed a spatial vortex
   791 | D        | Became a worshipper of Gozag Ym Sagoz the Greedy
   809 | D        | Killed a spatial vortex
   810 | D        | Reached skill level 10 in Unarmed Combat
   810 | D        | Reached XP level 7. HP: 49/49 MP: 0/0
   810 | D        | Learned a level 3 spell: Inner Flame
   827 | D        | Found a basalt altar of Yredelemnul.
   827 | D        | Found a shadowy altar of Dithmenos.
   827 | D        | Found a sacrificial altar of Ru.
   857 | D        | Found a glowing silver altar of Zin.
   857 | D        | Found a glowing golden altar of the Shining One.
   857 | D        | Found a white marble altar of Elyvilon.
   857 | D        | Noticed a deep elf pyromancer
   864 | D        | Gained mutation: You passively map a small area around you.
                  | [hidden potential]
   864 | D        | Lost mutation: You have hidden genetic potential. [hidden
                  | potential expressed]
   868 | D        | Killed a deep elf pyromancer
   869 | D        | Reached skill level 12 in Unarmed Combat
   869 | D        | Reached XP level 8. HP: 23/55 MP: 0/0
  1060 | D        | Noticed an orange demon
  1180 | D        | Found a hide-covered altar of Uskayaw.
  1180 | D        | Found an iron altar of Okawaru.
  1180 | D        | Found a bloodstained altar of Trog.
  1180 | D        | Found an ornate altar of the Wu Jian Council.
  1180 | D        | Noticed a human
  1181 | D        | Noticed a human
  1188 | D        | Killed a human
  1196 | D        | HP: 2/56 [human/+0 whip (8)]
  1197 | D        | Slain by a human

Illustrated notes

Levels and vault maps discovered:
D:        dungeon_sprint_mu [sprint_mu_entry_cave, sprint_mu_temple_rooms,
          sprint_mu_d1_spiders, sprint_mu_d2_genie, sprint_mu_d3_branching,
          sprint_mu_orc_legion, sprint_mu_elf_gauntlet, sprint_mu_hive_nellie,
          sprint_mu_lair_fedhas, sprint_mu_vaults_butterflies,
          sprint_mu_slime_circle, sprint_mu_swamp_cave, sprint_mu_shoals_archi,
          sprint_mu_blade_basic, sprint_mu_crypt_chambers,
          sprint_mu_tomb_spiral, sprint_mu_vestibule_basic,
          sprint_mu_gehenna_hellfire, sprint_mu_dis_giant,
          sprint_mu_tartarus_statrot, sprint_mu_cocytus_islands, sprint_mu_zot1]

Skill      XL: |  1  2  3  4  5  6  7  8 |
---------------+-------------------------+-----
Unarmed Combat | 4 6 8 10 12 | 12.7
Shapeshifting  | 4 5 6 7 8 |  8.9
Dodging        | 3 4 5 6 |  6.4
Stealth        | 1 2 3 |  3.1
Fighting       | 2 3 |  3.0
Spellcasting   | 2 |  2.5
Conjurations   | 2 |  2.5
Hexes          | 2 |  2.5
Summonings     | 2 |  2.5
Necromancy     | 2 |  2.5
Translocations | 2 |  2.5
Transmutations | 2 |  2.5
Fire Magic     | 2 |  2.5
Ice Magic      | 2 |  2.5
Air Magic      | 2 |  2.5
Earth Magic    | 2 |  2.5
Poison Magic   | 2 |  2.5

Action                     |  1- 3 |  4- 6 |  7- 9 || total
---------------------------+-------+-------+-------++-------
  Melee: Unarmed           |    44 |    24 |    39 ||   107
         Punch             |     1 |       |       ||     1
    Use: Potion            |       |     2 |       ||     2
   Stab: Sleeping          |     2 |       |       ||     2
 Armour: Animal skin       |    17 |     2 |    19 ||    38
         Skin              |       |     2 |       ||     2
  Dodge: Dodged            |    21 |     5 |    20 ||    46
   Form: Flux              |       |     1 |       ||     1

Table legend: (Time is in decaauts)
 A = Elapsed time spent in this place.
 B = Non-inter-level travel time spent in this place.
 C = Inter-level travel time spent in this place.
 D = Time resting spent in this place.
 E = Time spent auto-exploring this place.
 F = Levels seen in this place.
 G = Mean time per level.
                   A        B        C        D        E       F      G
               +--------+--------+--------+--------+--------+-----+--------+
         Total |   1181 |   1181 |      0 |    885 |      0 |   1 | 1181.0 |
       Dungeon |   1181 |   1181 |      0 |    885 |      0 |   1 | 1181.0 |
               +--------+--------+--------+--------+--------+-----+--------+

Top non-repeatable levels by time:
       D: 1181 daAuts
